 Dungeon Crawl Stone Soup version 0.29.1-15-g9cfb28693d (webtiles) character file.

Game seed: 9687405484033786018

555 PhantomBowie the Trooper (level 7, -4/62 HPs)
             Began as a Minotaur Fighter on Mar 2, 2023.
             Was an Initiate of Okawaru.
             Slain by a killer bee (7 damage)
             ... on level 4 of the Dungeon.
             The game lasted 00:18:07 (3929 turns).

PhantomBowie the Trooper (Minotaur Fighter)         Turns: 3929, Time: 00:18:08

Health: -4/62      AC: 10    Str: 22    XL:     7   Next: 8%
Magic:  6/6        EV:  6    Int:  5    God:    Okawaru [......]
Gold:   195        SH: 13    Dex: 10    Spells: 6/6 levels left

rFire   + + .      SeeInvis .   a - +0 flail
rCold   . . .      Faith    .   j - +0 tower shield
rNeg    . . .      Spirit   .   k - +3 scale mail {rF+}
rPois   .          Reflect  .   (helmet restricted)
rElec   .          Harm     .   (no cloak)
rCorr   .          Rampage  .   (no gloves)
Will    .....                   (no boots)
Stlth   ..........              (no amulet)
HPRegen 0.20/turn               g - ring of protection from fire
MPRegen 0.10/turn               (no ring)

@: lethally poisoned (-4 -> -9)
A: horns 2, retaliatory headbutt
a: Renounce Religion


You were on level 4 of the Dungeon.
You worshipped Okawaru.
Okawaru was noncommittal.
You visited 2 branches of the dungeon, and saw 6 of its levels.

You collected 195 gold pieces.

Inventory:

Hand Weapons
 a - a +0 flail (weapon)
Missiles
 c - a throwing net (quivered)
Armour
 j - a +0 tower shield (worn)
 k - a +3 scale mail of fire resistance (worn)
Jewellery
 g - a ring of protection from fire (left hand)
Scrolls
 e - 2 scrolls of amnesia {unknown}
 f - 2 scrolls of noise {unknown}
 i - a scroll of identify {unknown}
 m - 3 scrolls of teleportation
 r - a scroll of enchant weapon {unknown}
 s - a scroll of blinking {unknown}
 v - 2 scrolls of poison {unknown}
Potions
 b - 6 potions of curing {unknown}
 d - 2 potions of might
 h - 2 potions of heal wounds {unknown}
 l - a potion of flight {unknown}
 n - a potion of brilliance {unknown}
 o - a potion of resistance {unknown}
 p - 2 potions of haste {unknown}
 q - a potion of mutation {unknown}
 t - a potion of lignification {unknown}
 u - a potion of invisibility {unknown}


   Skills:
 + Level 5.9 Fighting
 + Level 5.0 Maces & Flails
 + Level 5.7 Armour
 + Level 5.7 Shields


You had 6 spell levels left.
You didn't know any spells.
Your spell library contained the following spells:

 Spells                   Type           Power      Damage    Failure   Level
 Summon Small Mammal      Summ           Unusable   N/A       N/A         1
 Call Canine Familiar     Summ           Unusable   N/A       N/A         3
 Summon Guardian Golem    Hex/Summ       Unusable   N/A       N/A         3

Dungeon Overview and Level Annotations

Branches:
Dungeon (5/15)             Temple (1/1) D:4

Altars:
Ashenzari
Cheibriados
Dithmenos
Elyvilon
Fedhas
Gozag
Hepliaklqana
Kikubaaqudgha
Makhleb
Nemelex Xobeh
Okawaru
Qazlal
Ru
Trog
Vehumet
Wu Jian
Yredelemnul
Zin

Annotations:
D:3 2 transporters, Jingleheimer's ghost, weakling VSFi
D:5 Grinder


Innate Abilities, Weirdness & Mutations

You have a pair of horns on your head.
You reflexively headbutt those who attack you in melee.


Message History

* * * LOW HITPOINT WARNING * * *
You barely miss the killer bee. Your headbutt misses the killer bee.
You feel sick. You block the killer bee's attack.
The killer bee stings you but does no damage. x2
You miss the killer bee.
You feel sick.
You are no longer poisoned.
The killer bee closely misses you. You block the killer bee's attack.
The killer bee barely misses you. You furiously retaliate!
You headbutt the killer bee.
You hit the killer bee but do no damage.
Your headbutt misses the killer bee.
The killer bee is moderately wounded.
The killer bee stings you.
* * * LOW HITPOINT WARNING * * *
The killer bee stings you but does no damage. x2
You barely miss the killer bee.
The killer bee is moderately wounded.
The killer bee stings you but does no damage.
You block the killer bee's attack. The killer bee stings you.
* * * LOW HITPOINT WARNING * * *
You sock the killer bee!
The killer bee is almost dead.
The killer bee stings you but does no damage.
The killer bee barely misses you.
The killer bee stings you but does no damage.
You miss the killer bee.
The killer bee is almost dead.
You block the killer bee's attack. x2; The killer bee stings you.
* * * LOW HITPOINT WARNING * * *
You are poisoned.
The killer bee poisons you!
You hit the killer bee but do no damage.
Your headbutt misses the killer bee.
The killer bee is almost dead.
* * * LOW HITPOINT WARNING * * *
You feel very sick. The killer bee stings you.
* * * LOW HITPOINT WARNING * * *
The killer bee stings you!
You die...

#.# #.# #..#.# #### #.# #.#
#..#.# #. #.# #.# ##..#.## ##
#.# #.# ##......# #.# #<#
#.......# #.# #.# #.##.##.#
#.###.# ####.##.##.# ##.....#
#..(....##.# #..#####
#@##.###...# #..# ###
##y##..##.#.# #..#
##.###.y>....⌠...###### #..#
#................##...## #..#
##.###...#.⌠.>.⌠.#.....# #..#
###.####.##.............#
#..####...[.........⌠..........
#.......#.####.###########...#.
##.######## ### ##.##.


You could see 2 killer bees.

Vanquished Creatures
  A water moccasin (D:5)
  A phantom (D:4)
  3 hounds
  2 orc priests
  Terence (D:2)
  An orc wizard (D:3)
  8 adders
  An ufetubus (D:5)
  A worm (D:2)
  A dart slug (D:1)
  13 orcs
  4 bats
  7 endoplasms
  3 giant cockroaches
  6 goblins
  4 hobgoblins
  8 jackals (D:1)
  7 kobolds
  6 quokkas
  7 ball pythons
  A frilled lizard (D:2)
  3 rats
89 creatures vanquished.

Vanquished Creatures (others)
  2 plants (D:1)
2 creatures vanquished.

Grand Total: 91 creatures vanquished

Notes
Turn   | Place    | Note
-------+----------+-------------------------------------------
     0 | D:1      | PhantomBowie the Minotaur Fighter began the quest for the
                  | Orb.
     0 | D:1      | Reached XP level 1. HP: 19/19 MP: 0/0
   173 | D:1      | Reached XP level 2. HP: 27/27 MP: 1/1
   396 | D:1      | Reached XP level 3. HP: 29/33 MP: 2/2
   779 | D:1      | Found a faded altar of an unknown god.
  1015 | D:2      | Noticed Terence
  1031 | D:1      | Reached XP level 4. HP: 39/41 MP: 3/3
  1230 | D:2      | Killed Terence
  1508 | D:3      | Reached XP level 5. HP: 47/47 MP: 4/4
  1741 | D:3      | Reached skill level 5 in Fighting
  1763 | D:3      | Found a transporter.
  1785 | D:3      | Found a transporter.
  1789 | D:3      | Noticed Jingleheimer's ghost (weakling VSFi)
  1987 | D:3      | Found a white marble altar of Elyvilon.
  2205 | D:3      | Reached skill level 5 in Shields
  2548 | D:4      | Reached skill level 5 in Armour
  2647 | D:4      | Reached XP level 6. HP: 56/56 MP: 5/5
  2864 | D:4      | Found a blossoming altar of Fedhas.
  3057 | D:4      | Found a staircase to the Ecumenical Temple.
  3063 | Temple   | Entered the Ecumenical Temple
  3225 | Temple   | Became a worshipper of Warmaster Okawaru
  3277 | D:4      | Found a faded altar of an unknown god.
  3277 | D:4      | Found a faded altar of an unknown god.
  3277 | D:4      | Found a hazy altar of Hepliaklqana.
  3279 | D:4      | Found a faded altar of an unknown god.
  3362 | D:4      | Found a basalt altar of Yredelemnul.
  3362 | D:4      | Found an ornate altar of the Wu Jian Council.
  3362 | D:4      | Found a sacrificial altar of Ru.
  3362 | D:4      | Found an ancient bone altar of Kikubaaqudgha.
  3368 | D:4      | Found a broken altar of Ashenzari.
  3368 | D:4      | Found a sparkling altar of Nemelex Xobeh.
  3553 | D:5      | Entered Level 5 of the Dungeon
  3555 | D:5      | Noticed a water moccasin
  3562 | D:5      | Killed a water moccasin
  3563 | D:5      | Reached skill level 5 in Maces & Flails
  3563 | D:5      | Reached XP level 7. HP: 37/62 MP: 6/6
  3830 | D:5      | Noticed Grinder
  3929 | D:4      | HP: 3/62 [killer bee (4)]
  3929 | D:4      | Slain by a killer bee

Illustrated notes

Levels and vault maps discovered:
D:1:      minmay_arrival_nine_rooms, layout_basic,
          dreamdust_ecumenical_altar_hidden_monk_grotto,
          minmay_misc_feat_nine_boxes, minmay_misc_feat_more_columns
D:2:      layout_rooms, kennysheep_path_1, kennysheep_generic_room_7,
          uniq_terence
D:3:      layout_loops_corners, mainiacjoe_overflow_six_doors_small,
          gammafunk_ghost_mausoleum
D:4:      minmay_evil_eye, layout_loops_ring,
          nicolae_hepliaklqana_ecumenical_no_more, lemuel_round_altar,
          minmay_overflow_temple_hex, temple_fountains
D:5:      layout_basic, uniq_grinder, uniq_sigmund
Temple:   nicolae_temple_bog_church

Skill      XL: |  1  2  3  4  5  6 |
---------------+-------------------+-----
Fighting       | 4 5 |  5.9
Armour         | 4 5 |  5.7
Shields        | 4 5 |  5.7
Maces & Flails | 3 4 5 |  5.0

Action                   |  1- 3 |  4- 6 |  7- 9 || total
-------------------------+-------+-------+-------++-------
Melee: Flail             |   103 |   141 |    10 ||   254
       Headbutt          |    13 |    21 |     1 ||    35
  Use: Scroll            |       |       |     1 ||     1
Armor: Scale mail        |    24 |    52 |    20 ||    96
       Chain mail        |    20 |     3 |       ||    23
Dodge: Dodged            |    42 |    37 |     8 ||    87
Block: Buckler           |    19 |       |       ||    19
       Tower shield      |     1 |    90 |    22 ||   113
